 Dungeon Crawl Stone Soup version 0.28-a0-796-gd4f0d3f9b2 (webtiles) character file.

Game seed: 8520621010235875876

54 Decritt the Gusty (level 3, 0/19 HPs)
             Began as a Tengu Air Elementalist on Nov 6, 2021.
             Slain by an iron imp (2 damage)
             ... summoned by Natasha
             ... on level 2 of the Dungeon.
             The game lasted 00:03:47 (1634 turns).

Decritt the Gusty (Tengu Air Elementalist)          Turns: 1634, Time: 00:03:48

Health: 0/19       AC:  3    Str:  8    XL:     3   Next: 91%
Magic:  6/7        EV: 11    Int: 16    God:
Gold:   50         SH:  0    Dex: 14    Spells: 6/7 levels left

rFire   . . .      SeeInvis .   h - +4 short sword
rCold   . . .      Faith    .   (no shield)
rNeg    . . .      Spirit   .   k - +0 leather armour
rPois   .          Reflect  .   (helmet restricted)
rElec   .          Harm     .   (no cloak)
rCorr   .          Rampage  .   (no gloves)
Will    .....                   (boots unavailable)
Stlth   ++........              (no amulet)
HPRegen 0.06/turn               (no ring)
MPRegen 0.10/turn               (no ring)

@: no status effects
A: beak, talons 3
a: no special abilities


You were on level 2 of the Dungeon.
You visited 1 branch of the dungeon, and saw 2 of its levels.

You collected 50 gold pieces.

Inventory:

Hand Weapons
 h - a +4 short sword (weapon)
Missiles
 i - 15 poisoned darts (quivered)
Armour
 a - a +0 robe
 k - a +0 leather armour (worn)
Scrolls
 b - a scroll of vulnerability {unknown}
 c - a scroll of torment {unknown}
 d - a scroll of fog {unknown}
 e - 2 scrolls of teleportation {unknown}
 f - a scroll of identify {unknown}
 j - a scroll of fear {unknown}
Potions
 g - a potion of curing {unknown}
 l - a potion of degeneration {unknown}


   Skills:
 - Level 2.1 Dodging
 - Level 2.0 Stealth
 + Level 2.6 Spellcasting
 + Level 1.4 Conjurations
 * Level 5.6 Air Magic


You had 6 spell levels left.
You knew the following spells:

 Your Spells              Type           Power      Damage    Failure   Level
a - Shock                 Conj/Air       52%        1d6       7%          1

Your spell library contained the following spells:

 Spells                   Type           Power      Damage    Failure   Level
 Swiftness                Air            20%        N/A       9%          3
 Static Discharge         Conj/Air       13%        N/A       10%         2
 Sandblast                Erth           4%         2d4       28%         1
 Airstrike                Air            10%        N/A       28%         4
 Passwall                 Tmut/Erth      1%         N/A       41%         2
 Stone Arrow              Conj/Erth      8%         3d7       54%         3


Dungeon Overview and Level Annotations

Branches:
Dungeon (2/15)

Altars:

Annotations:
D:2 Natasha


Innate Abilities, Weirdness & Mutations

You have a beak for a mouth.
You have claws for feet.


Message History

You kill the kobold!
Items here: ) †††.
i - 16 poisoned darts (gained 1) HP restored.
You see here a ball python corpse.
i - 17 poisoned darts (gained 1)
i - 18 poisoned darts (gained 1) Natasha, Servant of Life and Death comes into view.
Natasha hisses angrily.
You throw a poisoned dart. The poisoned dart hits Natasha.
Natasha extends her claws.
You throw a poisoned dart.
The poisoned dart closely misses Natasha.
Natasha casts a spell.
You throw a poisoned dart. The poisoned dart hits the iron imp.
Natasha stares at you and mumbles some strange words.
The magic dart hits you.
Found 13 gold pieces.
Natasha claws you but does no damage.
You hit Natasha. You claw Natasha. You peck Natasha, but do no damage.
Natasha is moderately wounded.
The iron imp closely misses you. Natasha claws you.
You closely miss Natasha. You claw Natasha. Your peck misses Natasha.
Natasha is moderately wounded.
The iron imp misses you. Natasha claws you!
* * * LOW HITPOINT WARNING * * *
Casting: Shock (safe; 7% risk of failure)
Confirm with . or Enter, or press ? or * to list all spells.
Aiming: Shock (safe; 7% risk of failure)
Press: ? - help, Shift-Dir - straight line, f/p - iron imp
Aim: an iron imp (summoned, 77% to hit)
The zap misses the iron imp.
Natasha claws you.
* * * LOW HITPOINT WARNING * * *
The iron imp hits you.
* * * LOW HITPOINT WARNING * * *
You hit Natasha. Your kick misses Natasha. Your peck misses Natasha.
Natasha is severely wounded.
Natasha drinks a potion.
Natasha is healed!
The iron imp hits you.
You die...

#.# #......#
#†# ##.#...##
#.#######
#......##
#.......#
####....##
#.......#
#.....#
#.......#
##.....
#.......##
#.....
#........###
#.....
#..5@......#
#.####
#(..h...####
### #
............#
#
.............#
####..(....###
# #.#...#.. #
...$#..... #
..... .....# #
#


You could see an iron imp (summoned) and Natasha.

Vanquished Creatures
  2 adders
  3 dart slugs
  5 ball pythons
  2 bats
  2 endoplasms
  A giant cockroach (D:1)
  2 goblins (D:1)
  2 hobgoblins (D:1)
  5 kobolds
  A quokka (D:1)
  2 frilled lizards (D:1)
  A rat (D:1)
28 creatures vanquished.

Notes
Turn   | Place    | Note
-------+----------+-------------------------------------------
     0 | D:1      | Decritt the Tengu Air Elementalist began the quest for the
                  | Orb.
     0 | D:1      | Reached XP level 1. HP: 10/10 MP: 4/4
   303 | D:1      | Reached XP level 2. HP: 15/15 MP: 4/6
   820 | D:1      | Reached skill level 5 in Air Magic
  1015 | D:1      | Reached XP level 3. HP: 19/19 MP: 5/7
  1625 | D:2      | Noticed Natasha
  1634 | D:2      | Slain by an iron imp

Illustrated notes

Levels and vault maps discovered:
D:1:      minmay_arrival_five_plusses, layout_loops_corners
D:2:      layout_rooms, basic_altar, uniq_natasha, uniq_crazy_yiuf_cottage,
          uniq_terence

Skill      XL: |  1  2 |
---------------+-------+-----
Air Magic      | 5 |  5.6
Dodging        | |  2.1
Stealth        | |  2.0
Spellcasting   | |  2.6
Conjurations   | |  1.4

Action                   || total
-------------------------++-------
Melee: Short sword       ||    24
       Kick              ||     4
       Peck              ||     2
Throw: Dart              ||     6
 Cast: Shock             ||    48
Armor: Leather armour    ||     4
Dodge: Dodged            ||    24

Table legend: (Time is in decaauts)
 A = Elapsed time spent in this place.
 B = Non-inter-level travel time spent in this place.
 C = Inter-level travel time spent in this place.
 D = Time resting spent in this place.
 E = Time spent auto-exploring this place.
 F = Levels seen in this place.
 G = Mean time per level.
                   A        B        C        D        E       F      G
               +--------+--------+--------+--------+--------+-----+--------+
         Total |   1636 |   1602 |     34 |    271 |   1138 |   2 |  818.0 |
       Dungeon |   1636 |   1602 |     34 |    271 |   1138 |   2 |  818.0 |
               +--------+--------+--------+--------+--------+-----+--------+

Top non-repeatable levels by time:
     D:1: 1346 daAuts
     D:2: 289 daAuts
